 Dungeon Crawl Stone Soup version 0.26-a0-466-g989023bd0d (webtiles) character file.

Game seed: 18134698531483498586

47238 MrRokkomies the Unseen (level 14, -2/88 HPs)
             Began as a Kobold Hunter on July 30, 2020.
             Was a High Priest of Kikubaaqudgha.
             Slain by a five-headed hydra (6 damage)
             ... while petrified by a basilisk
             ... on level 5 of the Lair of Beasts.
             The game lasted 00:57:10 (25095 turns).

MrRokkomies the Unseen (Kobold Hunter)             Turns: 25095, Time: 00:57:11

Health: -2/88      AC: 10    Str: 16    XL:     14   Next: 80%
Magic:  4/14       EV:  3    Int: 23    God:    Kikubaaqudgha [*****.]
Gold:   1204       SH:  0    Dex: 15    Spells: 4/13 levels left

rFire    . . .     SeeInvis .   a - +2 hand crossbow (elec)
rCold    . . .     Faith    .   (shield restricted)
rNeg     + + +     Spirit   .   K - +2 leather armour {rPois}
rPois    ∞         Reflect  .   f - +0 helmet
rElec    .         Harm     .   A - +0 cloak
rCorr    .                      k - +0 pair of gloves
MR       +....                  g - +1 pair of boots
Stlth    +++++++...             (no amulet)
HPRegen  0.24/turn              r - +6 ring of intelligence
MPRegen  0.14/turn              R - +6 ring of strength

@: petrified, frozen, very slightly contaminated, studying Stealth, very slow
A: small, nightstalker 3
a: Receive Corpses, Torment, Renounce Religion


You were on level 5 of the Lair of Beasts.
You worshipped Kikubaaqudgha.
Kikubaaqudgha was extremely pleased with you.
You visited 3 branches of the dungeon, and saw 17 of its levels.

You collected 1204 gold pieces.

Inventory:

Hand Weapons
 a - a +2 hand crossbow of electrocution (weapon)
 b - a +1 dagger of venom
 H - a +4 arbalest of freezing
 Y - a +2 short sword of flaming
Missiles
 d - 30 bolts (quivered)
 i - a throwing net
 X - 15 curare-tipped darts
Armour
 f - a +0 helmet (worn)
 g - a +1 pair of boots (worn)
 k - a +0 pair of gloves (worn)
 y - +0 acid dragon scales
 A - a +0 cloak (worn)
 K - a +2 leather armour of poison resistance (worn)
 N - a +2 leather armour of cold resistance
Magical Staves
 w - an uncursed staff of wizardry
Jewellery
 r - a +6 ring of intelligence (left hand)
 C - a +6 ring of intelligence
 R - a +6 ring of strength (right hand)
 T - an uncursed ring of ice
Wands
 h - a wand of enslavement (7)
 v - a wand of random effects (52)
 z - a wand of iceblast (8)
 G - a wand of polymorph (18)
 J - a wand of paralysis (6)
 U - a wand of clouds (7)
Scrolls
 m - 3 scrolls of magic mapping
 p - 7 scrolls of remove curse
 t - 4 scrolls of immolation
 F - 6 scrolls of identify
 I - 3 scrolls of amnesia
 P - a scroll of enchant armour
 W - 2 scrolls of fog
Potions
 c - 3 potions of cancellation
 e - 6 potions of flight
 j - 6 potions of mutation
 l - 3 potions of berserk rage
 n - 2 potions of brilliance
 o - a potion of ambrosia
 q - a potion of resistance
 u - 2 potions of curing
 x - 3 potions of might
 B - 3 potions of invisibility
 D - 3 potions of haste
 Q - a potion of lignification
Books
 V - a manual of Stealth
Miscellaneous
 M - a phial of floods (inert)
 O - a tin of tremorstones (3/3)


   Skills:
 - Level 10.0 Fighting
 - Level 10.0 Short Blades
 * Level 14.0 Crossbows
 - Level 12.0 Dodging
 + Level 15.0 Stealth
 * Level 11.1 Necromancy
 + Level 6.6 Earth Magic
 - Level 1.7 Evocations


You had 4 spell levels left.
You knew the following spells:

 Your Spells              Type           Power        Failure   Level
a - Animate Dead          Necr           ######....   1%          4
b - Borgnjor's Vile Clut  Necr/Erth      #####.....   14%         5

Your spell library contained the following spells:

 Spells                   Type           Power        Failure   Level
 Animate Skeleton         Necr           ######       1%          1
 Pain                     Necr           ####         1%          1
 Sandblast                Erth           ####..       1%          1
 Sublimation of Blood     Necr           ######....   1%          2
 Vampiric Draining        Necr           ######....   1%          3
 Dispel Undead            Necr           ######..     1%          4
 Passwall                 Tmut/Erth      ###.....     8%          2
 Stone Arrow              Conj/Erth      ###...       14%         3
 Corona                   Hex            #......      19%         1
 Freeze                   Ice            #...         19%         1
 Shock                    Conj/Air       #...         19%         1
 Ensorcelled Hibernation  Hex/Ice        #.....       28%         2
 Swiftness                Air            #.......     28%         2
 Petrify                  Tmut/Erth      ###.....     43%         4
 Confusing Touch          Hex            #.......     50%         3
 Dazzling Flash           Conj/Hex       #.....       50%         3
 Frozen Ramparts          Ice            #.....       50%         3
 Ozocubu's Armour         Ice            #.......     50%         3
 Static Discharge         Conj/Air       #.......     50%         3
 Tukima's Dance           Hex            #.......     50%         3
 Airstrike                Air            #.........   88%         4
 Hailstorm                Conj/Ice       #.......     88%         4
 Summon Ice Beast         Ice/Summ       #.......     88%         4
 Agony                    Necr           ######..     5%          5
 Lee's Rapid Deconstruct  Erth           ####......   34%         5
 Simulacrum               Ice/Necr       ####......   97%         6
 Lightning Bolt           Conj/Air       #.........   99%         5


Dungeon Overview and Level Annotations

Branches:
Dungeon (11/15)            Temple (1/1) D:6            Lair (5/6) D:10
 Shoals (0/4) Lair:4        Snake (0/4) Lair:4        Slime (0/5) Lair:5
    Orc (0/2) D:10

Altars:
Ashenzari
Cheibriados
Dithmenos
Elyvilon
Fedhas
Gozag
Hepliaklqana
Kikubaaqudgha
Makhleb
Nemelex Xobeh
Okawaru
Qazlal
Ru
Sif Muna
Trog
Uskayaw
Vehumet
Wu Jian
Xom
Yredelemnul
Zin
The Shining One
Beogh
Jiyva
Lugonu

Annotations:
D:4 Sigmund


Innate Abilities, Weirdness & Mutations

You are small and have problems with some larger weapons.
You are completely attuned to the shadows.


Message History

* * * LOW HITPOINT WARNING * * *
The five-headed hydra bites you!
* * * LOW HITPOINT WARNING * * *
The five-headed hydra bites you.
* * * LOW HITPOINT WARNING * * *
The rime drake breathes ice at you. The flash freeze hits you!!
* * * LOW HITPOINT WARNING * * *
You are encased in ice.
The five-headed hydra bites you.
* * * LOW HITPOINT WARNING * * *
The five-headed hydra bites you but does no damage. x2
The five-headed hydra barely misses you.
The five-headed hydra bites you but does no damage.
The rime drake bites you but does no damage.
The five-headed hydra bites you.
* * * LOW HITPOINT WARNING * * *
The five-headed hydra bites you!
You die...
Kikubaaqudgha rasps: "You have failed me!
Welcome... oblivion!"

.# ####### ..#.##..#..#
##.. .>..>......###....
D ._.........#..#P. .
......@........+l. ..
......Dk..P....... ..
......l........#.. ..
..........+..##.. ..
..........#### ... l..(
..........#### #. ...D
#..#P......#.# ....
......†......######((#.
............+.....(# ..


You could see a five-headed hydra, a basilisk and a rime drake (catching
breath).

Vanquished Creatures
  Nessos (Lair:4)
  4 hydras
  3 two-headed ogres
  4 death yaks
  Nergalle (Lair:4)
  Sonja (Lair:3)
  A lindwurm (Lair:3)
  An ugly thing (D:9)
  A manticore (D:11)
  11 elephants
  A merfolk siren (Lair:4)
  5 black mambas
  Joseph (D:9)
  Maggie (D:7)
  A gargoyle (D:11)
  2 centaur zombies
  13 cane toads
  5 komodo dragons
  6 rime drakes
  A freezing wraith (D:9)
  2 polar bears (Lair:5)
  A troll (D:11)
  12 hippogriffs
  19 blink frogs
  2 vampires
  2 wraiths
  16 yaks
  A shadow (D:11)
  6 wyverns
  7 basilisks
  Edmund (D:4)
  Menkaure (D:7)
  2 acid dragons (D:11)
  4 nagas (Lair:4)
  8 water moccasins
  7 porcupines
  A hornet zombie (D:6)
  10 orc warriors
  5 ice beasts
  An eye of draining (D:11)
  A necrophage (D:7)
  3 ogres
  2 phantoms (D:6)
  7 black bears
  5 sky beasts
  7 wolves
  10 centaurs
  11 crocodiles
  A big kobold (D:9)
  A gnoll sergeant (D:5)
  19 bullfrogs
  2 scorpions
  4 killer bees (D:8)
  6 howler monkeys
  6 wights
  A quasit (D:7)
  3 human zombies (D:7)
  6 hounds
  A bullfrog zombie (D:9)
  2 bullfrog skeletons (D:11)
  2 centaur skeletons
  5 jellies
  Crazy Yiuf (D:5)
  4 orc priests
  2 iguanas
  A human skeleton (D:7)
  7 orc wizards
  3 worker ants
  A killer bee zombie (D:8)
  A hound zombie (D:10)
  4 mummies (D:7)
  Robin (D:2)
  7 gnolls
  3 worker ant zombies
  10 adders
  3 shadow imps
  A white imp (D:7)
  5 ufetubi
  An adder zombie (D:7)
  3 worms
  3 dart slugs
  6 leopard geckos
  43 orcs
  2 ball pythons
  7 bats
  4 giant cockroaches
  22 goblins
  11 hobgoblins
  6 jackals
  11 kobolds
  4 quokkas
  4 frilled lizards
  An orc zombie (D:7)
  A quokka zombie (D:5)
  9 rats
  A butterfly (Lair:2)
  A fungus (Lair:5)
471 creatures vanquished.

Vanquished Creatures (collateral kills)
  2 elephants (Lair:4)
  A blink frog (Lair:2)
  A wyvern (Lair:5)
  A phantom (D:11)
  A wolf (Lair:2)
  A scorpion (D:11)
7 creatures vanquished.

Vanquished Creatures (others)
  12 fungi
  18 plants
30 creatures vanquished.

Grand Total: 508 creatures vanquished

Notes
Turn   | Place    | Note
-------+----------+-------------------------------------------
     0 | D:1      | MrRokkomies the Kobold Hunter began the quest for the Orb.
     0 | D:1      | Reached XP level 1. HP: 12/12 MP: 1/1
    41 | D:1      | Reached skill level 5 in Crossbows
    41 | D:1      | Reached XP level 2. HP: 18/18 MP: 2/2
   455 | D:1      | Reached skill level 2 in Stealth
   455 | D:1      | Reached XP level 3. HP: 12/22 MP: 3/3
  1171 | D:2      | Noticed Robin
  1175 | D:2      | Killed Robin
  1183 | D:2      | Reached XP level 4. HP: 28/28 MP: 4/4
  1399 | D:2      | Found a glowing golden altar of the Shining One.
  1783 | D:3      | Found a shattered altar of Ashenzari.
  2043 | D:3      | Reached XP level 5. HP: 30/32 MP: 5/5
  2126 | D:3      | Reached skill level 3 in Stealth
  2721 | D:2      | Reached XP level 6. HP: 21/38 MP: 6/6
  3355 | D:4      | Found a bloodstained altar of Trog.
  3562 | D:4      | Noticed Edmund
  3578 | D:4      | Killed Edmund
  3578 | D:4      | Reached skill level 4 in Stealth
  3578 | D:4      | Reached XP level 7. HP: 21/44 MP: 7/7
  3786 | D:4      | Found an iron altar of Okawaru.
  3862 | D:4      | Noticed Sigmund
  3923 | D:5      | Entered Level 5 of the Dungeon
  4097 | D:5      | Found a runed translucent door.
  4100 | D:5      | Noticed Crazy Yiuf
  4115 | D:5      | Killed Crazy Yiuf
  4440 | D:5      | Found a hazy altar of Hepliaklqana.
  4456 | D:5      | Reached skill level 5 in Fighting
  5131 | D:6      | Found a staircase to the Ecumenical Temple.
  5137 | Temple   | Entered the Ecumenical Temple
  5390 | D:6      | Reached skill level 5 in Stealth
  5390 | D:6      | Reached XP level 8. HP: 32/51 MP: 8/8
  5857 | D:6      | Found a radiant altar of Vehumet.
  6031 | D:6      | Reached skill level 5 in Dodging
  6496 | D:6      | Found a stormy altar of Qazlal.
  6505 | D:6      | Found a hide-covered altar of Uskayaw.
  6552 | D:7      | Noticed Menkaure
  6563 | D:7      | Killed Menkaure
  6821 | D:7      | Reached skill level 6 in Stealth
  7236 | D:7      | Reached XP level 9. HP: 53/57 MP: 9/9
  7396 | D:7      | Noticed Maggie
  7406 | D:7      | Killed Maggie
  7704 | D:7      | Reached skill level 7 in Stealth
  7778 | D:7      | Found an ancient bone altar of Kikubaaqudgha.
  7796 | D:7      | Became a worshipper of Kikubaaqudgha
  7876 | D:7      | Reached skill level 10 in Crossbows
  8372 | D:7      | Reached XP level 10. HP: 65/65 MP: 10/10
  8644 | D:8      | Reached * piety under Kikubaaqudgha
  8644 | D:8      | Identified Kikubaaqudgha's Tome of Black Magic
                  | (Kikubaaqudgha gifted it to you on level 8 of the Dungeon)
  8644 | D:8      | Received a gift from Kikubaaqudgha
  8644 | D:8      | Reached skill level 8 in Stealth
  8971 | D:8      | Found a blossoming altar of Fedhas.
  9467 | D:8      | Reached skill level 9 in Stealth
  9559 | D:8      | Reached skill level 10 in Fighting
  9566 | D:8      | Reached ** piety under Kikubaaqudgha
  9581 | D:8      | Reached skill level 1 in Short Blades
  9630 | D:8      | Found a shadowy altar of Dithmenos.
 10075 | D:9      | Found a shattered altar of Ashenzari.
 10202 | D:9      | Reached XP level 11. HP: 61/72 MP: 11/11
 10523 | D:9      | Noticed a white ugly thing
 10544 | D:9      | Killed a white ugly thing
 10707 | D:9      | Reached skill level 10 in Dodging
 10709 | D:9      | Found a burning altar of Makhleb.
 10820 | D:9      | Reached skill level 5 in Short Blades
 10901 | D:9      | Reached skill level 10 in Stealth
 11069 | D:9      | Reached skill level 1 in Necromancy
 11140 | D:9      | Found a shimmering blue altar of Sif Muna.
 11377 | D:9      | Noticed Joseph
 11384 | D:9      | Killed Joseph
 11384 | D:9      | Reached *** piety under Kikubaaqudgha
 11384 | D:9      | Identified Kikubaaqudgha's Catalogue of Evil Magic
                  | (Kikubaaqudgha gifted it to you on level 9 of the Dungeon)
 11384 | D:9      | Received a gift from Kikubaaqudgha
 11391 | D:9      | Learned a level 4 spell: Animate Dead
 11397 | D:9      | Learned a level 5 spell: Borgnjor's Vile Clutch
 11679 | D:10     | Entered Level 10 of the Dungeon
 11845 | D:10     | Noticed a two-headed ogre
 11848 | D:10     | Killed a two-headed ogre
 12005 | D:10     | Found a staircase to the Lair.
 12005 | D:10     | Noticed an elephant
 12021 | D:10     | Killed an elephant
 12162 | D:10     | Identified the +1 ring mail "Neirph" {Harm rF+}
 12537 | D:10     | Found a roughly hewn altar of Beogh.
 12545 | D:10     | Found a staircase to the Orcish Mines.
 13151 | D:11     | Reached XP level 12. HP: 65/77 MP: 12/12
 13222 | D:11     | Reached **** piety under Kikubaaqudgha
 13423 | D:11     | Reached skill level 5 in Necromancy
 13591 | D:11     | Noticed a two-headed ogre
 14293 | D:11     | Killed a two-headed ogre
 14293 | D:11     | Reached skill level 10 in Short Blades
 14318 | D:11     | Noticed a two-headed ogre
 14366 | D:11     | Killed a two-headed ogre
 14366 | D:11     | Reached skill level 1 in Earth Magic
 14366 | D:11     | Reached skill level 1 in Evocations
 14889 | Lair:1   | Entered Level 1 of the Lair of Beasts
 15029 | Lair:1   | Identified 2 scrolls of acquirement
 15029 | Lair:1   | Acquired a manual of Stealth
 15031 | Lair:1   | Acquired a +3 arbalest of freezing
 16309 | Lair:1   | Reached XP level 13. HP: 16/82 MP: 13/13
 16967 | Lair:2   | Reached skill level 11 in Stealth
 17767 | Lair:2   | Noticed a four-headed hydra
 18534 | Lair:2   | Killed a four-headed hydra
 18534 | Lair:2   | Reached skill level 12 in Stealth
 19258 | Lair:3   | Reached ***** piety under Kikubaaqudgha
 20094 | Lair:3   | Reached skill level 5 in Earth Magic
 20436 | Lair:3   | Noticed Sonja
 20456 | Lair:3   | Reached skill level 13 in Stealth
 20467 | Lair:3   | Killed Sonja
 21061 | Lair:4   | Reached XP level 14. HP: 88/88 MP: 14/14
 21071 | Lair:4   | Noticed Nergalle
 21718 | Lair:4   | Reached skill level 10 in Necromancy
 21972 | Lair:4   | Reached skill level 14 in Stealth
 21984 | Lair:4   | HP: 1/88 [death yak (24)]
 22383 | Lair:4   | Found a staircase to the Snake Pit.
 22554 | Lair:4   | Found a staircase to the Shoals.
 22725 | Lair:4   | Found a stormy altar of Qazlal.
 23165 | Lair:4   | Noticed Nessos
 23169 | Lair:4   | Killed Nergalle
 23175 | Lair:4   | Killed Nessos
 24133 | Lair:5   | HP: 3/132 [five-headed hydra (4)]
 24984 | Lair:5   | Found a viscous altar of Jiyva.
 24984 | Lair:5   | Found a staircase to the Slime Pits.
 25016 | Lair:5   | Reached skill level 15 in Stealth
 25094 | Lair:5   | HP: 4/88 [five-headed hydra (1)]
 25095 | Lair:5   | Slain by a five-headed hydra

Illustrated notes

Levels and vault maps discovered:
D:1:      wander_arrival_peaceful_grave, layout_rooms
D:2:      layout_basic, tso_oasis_becter, minmay_tetromino_o4, uniq_robin
D:3:      layout_loops_ring, nicolae_ashenzari_panopticon
D:4:      layout_rooms, bloody_trog, okawaru_trees_2, uniq_sigmund, uniq_edmund
D:5:      layout_rooms, lemuel_crystal_altar, lightli_minifort,
          uniq_crazy_yiuf_cottage
D:6:      layout_basic, amethyst_overflow_temple_binary,
          minmay_temple_entry_tees, basic_altar
D:7:      layout_loops_ring, lemuel_mausoleum_altar_kikubaaqudgha, uniq_maggie,
          uniq_menkaure
D:8:      layout_basic, kennysheep_mini, grunt_dithmenos_shadows
D:9:      layout_basic, nicolae_overflow_crystal_walls,
          lemuel_coloured_pillars_altar, basic_altar, uniq_joseph
D:10:     layout_loops_corners, david_lair_generic, david_orc_5
D:11:     layout_loops_ring
Temple:   kb_corrupted_temple
Lair:1:   layout_layer_cave
Lair:2:   layout_regular_city, lemuel_fruit_fields
Lair:3:   layout_loops_ring, nzn_random_ring, uniq_sonja
Lair:4:   layout_gridlike, minmay_shoals_entry_lonely_mermaid,
          guppyfry_snake_entry_garden, basic_altar, beast_lair_carwin_2,
          uniq_nessos, uniq_nergalle
Lair:5:   layout_roguey [special_room_mythical_zoo], slime_altar_1,
          pf_torpor_hydra

Skill      XL: |  1  2  3  4  5  6  7  8  9 10 11 12 13 14 |
---------------+-------------------------------------------+-----
Crossbows      | 5 6 7 8 10 12 14 | 14.0
Stealth        | 2 3 4 5 6 7 9 10 13 15 | 15.0
Fighting       | 3 4 5 7 8 10 | 10.0
Dodging        | 3 4 5 6 9 11 12 | 12.0
Short Blades   | 3 8 10 | 10.0
Necromancy     | 4 7 9 11 | 11.1
Earth Magic    | 3 5 6 |  6.6
Evocations     | 1 |  1.7

Action                   |  1- 3 |  4- 6 |  7- 9 | 10-12 | 13-15 || total
-------------------------+-------+-------+-------+-------+-------++-------
Melee: Short sword       |    29 |   132 |   273 |   354 |   168 ||   956
       Dagger            |       |    49 |       |       |    20 ||    69
 Fire: Hand crossbow     |    51 |    11 |   112 |   441 |   454 ||  1069
Throw: Dart              |       |       |       |       |     1 ||     1
 Cast: Animate Dead      |       |       |       |     3 |    15 ||    18
       Borgnjor's Vile C |       |       |       |       |     6 ||     6
Invok: Receive Corpses   |       |       |       |     1 |     3 ||     4
Evoke: Wand              |       |       |     3 |       |     2 ||     5
       Phial of floods   |       |       |       |     1 |     1 ||     2
  Use: Scroll            |     7 |     3 |    12 |     7 |    13 ||    42
       Potion            |       |     1 |     2 |       |     8 ||    11
 Stab: Sleeping          |     1 |    13 |    17 |    26 |    17 ||    74
       Distracted        |       |       |       |     2 |       ||     2
       Invisible         |       |       |       |       |     6 ||     6
       Paralysed         |       |       |       |       |     1 ||     1
Armor: Leather armour    |    19 |    23 |    35 |    41 |    66 ||   184
       Acid dragon scale |       |       |    39 |   144 |       ||   183
       Skin              |       |       |       |       |    15 ||    15
Dodge: Dodged            |    70 |   124 |   262 |   603 |   469 ||  1528

Table legend: (Time is in decaauts)
 A = Elapsed time spent in this place.
 B = Non-inter-level travel time spent in this place.
 C = Inter-level travel time spent in this place.
 D = Time resting spent in this place.
 E = Time spent auto-exploring this place.
 F = Levels seen in this place.
 G = Mean time per level.
                   A        B        C        D        E       F      G
               +--------+--------+--------+--------+--------+-----+--------+
         Total |  25029 |  24345 |    684 |   5693 |  14646 |  17 | 1472.3 |
       Dungeon |  14820 |  14362 |    458 |   2495 |   9363 |  11 | 1347.3 |
        Temple |    106 |     86 |     20 |      0 |     86 |   1 |  106.0 |
          Lair |  10102 |   9897 |    205 |   3198 |   5197 |   5 | 2020.4 |
               +--------+--------+--------+--------+--------+-----+--------+

Top non-repeatable levels by time:
  Lair:4: 3124 daAuts
  Lair:3: 2205 daAuts
     D:7: 2115 daAuts
  Lair:1: 2093 daAuts
    D:11: 1934 daAuts
  Lair:2: 1898 daAuts
     D:8: 1525 daAuts
     D:9: 1525 daAuts
     D:6: 1369 daAuts
     D:2: 1290 daAuts
    D:10: 1243 daAuts
     D:5: 1165 daAuts
     D:1: 1146 daAuts
     D:3: 970 daAuts
  Lair:5: 781 daAuts
